 Dungeon Crawl Stone Soup version 0.22.1-1-ga44c0e56f4 (webtiles) character file.

5341 Gargoyl the Chopper (level 10, -5/83 HPs)
             Began as a Centaur Abyssal Knight on Oct 25, 2018.
             Was an Elder of Lugonu.
             Slain by an orc warrior
             ... wielding a +0 glaive
              (39 damage)
             ... in a bailey.
             The game lasted 00:16:39 (11788 turns).

Gargoyl the Chopper (Centaur Abyssal Knight)       Turns: 11788, Time: 00:16:40

Health: -5/83      AC: 18    Str: 21    XL:     10   Next: 38%
Magic:  14/15      EV: 12    Int: 11    God:    Lugonu [****..]
Gold:   536        SH:  0    Dex: 14    Spells: 9/9 levels left

rFire    . . .     SeeInvis +   g - +0 hand axe (venom)
rCold    . . .     Gourm    .   (no shield)
rNeg     + . .     Faith    .   f - +9 scale mail of Seil {Str+3 Dex+5}
rPois    .         Spirit   .   y - +0 helmet {SInv}
rElec    .         Reflect  .   (no cloak)
rCorr    .         Harm     .   (no gloves)
MR       .....                  (no barding)
Stlth    ..........             (no amulet)
HPRegen  0.23/turn              o - +3 ring of evasion
MPRegen  0.14/turn              p - ring of positive energy

@: hasted, very quick
A: large, hooves 3, deformed body, speed 2, tough skin 3
a: Depart the Abyss, Bend Space, Banish, Corrupt, Renounce Religion


You were in a bailey.
You worshipped Lugonu.
Lugonu was greatly pleased with you.
You were not hungry.

You visited 1 branch of the dungeon, and saw 10 of its levels.
You visited the Abyss 1 time.
You also visited: Bailey.

You collected 536 gold pieces.

Inventory:

Hand Weapons
 a - a +2 hand axe
 g - a +0 hand axe of venom (weapon)
 q - a +0 war axe
Missiles
 s - 7 javelins (quivered)
Armour
 f - the +9 scale mail of Seil (worn) {Str+3 Dex+5}
   (You found it on level 2 of the Abyss)

   It affects your strength (+3).
   It affects your dexterity (+5).
 y - a +0 helmet of see invisible (worn)
Jewellery
 h - an uncursed ring of fire
 o - a +3 ring of evasion (left hand)
 p - a ring of positive energy (right hand)
Wands
 x - a wand of scattershot (5)
 A - a wand of polymorph (10)
Scrolls
 l - a scroll of identify
 r - 4 scrolls of magic mapping
 t - 7 scrolls of teleportation
 B - a scroll of amnesia
Potions
 b - 3 potions of curing
 d - a potion of resistance
 e - 4 potions of heal wounds
 i - a potion of berserk rage {unknown}
 j - 3 potions of lignification
 k - 4 potions of ambrosia
 m - 2 potions of haste
 n - a potion of magic {unknown}
 u - a potion of brilliance {unknown}
 v - a potion of flight {unknown}
 w - a potion of agility {unknown}
Comestibles
 c - 21 rations


   Skills:
 + Level 5.6 Fighting
 + Level 7.8 Axes
 + Level 2.5 Throwing
 * Level 7.2 Armour
 + Level 3.3 Dodging
 * Level 6.9 Invocations


You had 9 spell levels left.
You didn't know any spells.
Your spell library was empty.

Dungeon Overview and Level Annotations

Branches:
Dungeon (10/15)            Temple (0/1) D:6
   Lair: D:8-11         Orc: D:9-12

Altars:
Ashenzari
Dithmenos
Kikubaaqudgha
Makhleb
Nemelex Xobeh
Okawaru
Qazlal
Sif Muna
Vehumet
Yredelemnul

Shops:
D:8 :


Innate Abilities, Weirdness & Mutations

You have hooves in place of feet.
Armour fits poorly on your strangely shaped body.
You cover ground very quickly.
You have extremely tough skin. (AC +3)


Message History

The orc warrior hits you with a halberd!!
The orc warrior barely misses you.
There is a fountain of clear blue water here.
Unknown command.
You hit the orc warrior.
The orc warrior is poisoned.
You kick the orc warrior!
The orc warrior is heavily wounded.
You closely miss the orc warrior.
You hit the orc knight but do no damage.
The orc knight is poisoned.
Unknown command.
You hit the orc warrior.
The orc warrior looks even sicker.
Your kick misses the orc warrior.
The orc warrior is heavily wounded.
You hit the orc warrior. You hit the orc knight.
The orc knight looks as sick as possible!
The orc knight barely misses you.
The orc warrior hits you with a halberd!
The orc warrior barely misses you.
The orc warrior hits you from afar with a glaive!!!
You die...

..........≈≈..## ##).≈≈..........
.≈≈≈≈≈≈≈≈≈≈..##.∩.##.)≈≈≈≈≈≈≈≈≈≈.
.≈....))....##.....##..........≈.
.≈.#########'###+#############.≈.
.≈)## ##.........#+ ##.≈. .≈.)##
##..≈≈≈≈≈§≈..## ##).≈. .≈≈))##
##..≈≈...o.≈≈..## ##..≈≈.
∩.≈≈..#'#..§≈..ooo..≈≈..# #..≈≈.#
#.≈≈..#'#..§§.§.@§..≈≈..# #))≈≈.∩
.≈≈..##.##..§≈§.§..≈≈..## ##..≈≈.
.≈..##...#'o.§§§§≈≈≈..## ##..≈.
.≈.##.....##..§§§....##.$$$.##.≈.
.≈.#############+#############)≈.
.≈.......)..## #####..≈.
.≈≈≈≈≈≈≈≈≈≈..## #######≈≈≈≈≈≈≈.
..........≈≈..## ##...##.........
#########..≈≈..###..≈..##.#######


You could see an orc knight and 4 orc warriors.

Vanquished Creatures
  A two-headed ogre (D:8)
  A human (D:7)
  5 yaks (D:9)
  Grum (D:9)
  3 hogs (D:7)
  A steam dragon (D:10)
  Menkaure (D:4)
  An insubstantial wisp (D:10)
  2 orc warriors (Bailey)
  An ice beast (D:8)
  4 sky beasts
  2 necrophages
  2 ogres (D:8)
  2 wolves (D:9)
  3 centaurs
  A big kobold (D:10)
  A gnoll sergeant (D:8)
  2 bullfrogs
  2 scorpions
  3 wights (D:8)
  A howler monkey (D:4)
  4 crimson imps
  3 centaur zombies
  3 hounds
  2 jellies
  A gnoll shaman (D:6)
  An orc wizard (D:3)
  An orc priest (D:4)
  2 iguanas
  6 worker ants
  A killer bee zombie (D:9)
  A worker ant zombie (D:5)
  11 gnolls
  9 adders
  A shadow imp (D:5)
  An ooze (D:2)
  An adder zombie (D:8)
  3 worms
  2 dart slugs
  4 leopard geckos
  34 orcs
  2 bat zombies (D:5)
  6 giant cockroaches
  3 goblins
  11 hobgoblins
  7 jackals
  13 kobolds
  3 quokkas
  2 ball pythons
  6 bats
  3 frilled lizards
  2 leopard gecko skeletons
  A quokka skeleton (D:4)
  2 rats
  A rat zombie (D:5)
  2 fungi (D:6)
195 creatures vanquished.

Vanquished Creatures (others)
  A starspawn tentacle (Abyss:2)
1 creature vanquished.

Grand Total: 196 creatures vanquished

Notes
Turn   | Place    | Note
-------+----------+-------------------------------------------
     0 | Abyss:1  | Gargoyl the Centaur Abyssal Knight began the quest for the
                  | Orb.
     0 | Abyss:1  | Reached XP level 1. HP: 19/19 MP: 2/2
    76 | Abyss:1  | Noticed a ynoxinul
    79 | Abyss:1  | Noticed an orange demon
   125 | Abyss:2  | Noticed a tentacled starspawn
   132 | Abyss:2  | Got a jewelled scale mail
   133 | D:1      | Escaped the Abyss
   144 | D:1      | Identified the +9 scale mail of Seil {Str+3 Dex+5} (You
                  | found it on level 2 of the Abyss)
   497 | D:1      | Reached XP level 2. HP: 26/26 MP: 3/3
   572 | D:1      | Reached * piety under Lugonu
  1126 | D:2      | Reached XP level 3. HP: 31/31 MP: 4/4
  1216 | D:2      | Found a faded altar of an unknown god.
  1504 | D:2      | Found a sparkling altar of Nemelex Xobeh.
  1976 | D:3      | Found a shattered altar of Ashenzari.
  2545 | D:3      | Reached XP level 4. HP: 26/40 MP: 5/5
  3092 | D:3      | Reached ** piety under Lugonu
  3101 | D:3      | Found a deep blue altar of Sif Muna.
  3324 | D:4      | Reached skill level 1 in Dodging
  3324 | D:4      | Reached XP level 5. HP: 36/46 MP: 5/7
  3844 | D:4      | Noticed Menkaure
  4555 | D:4      | Killed Menkaure
  4555 | D:4      | Reached XP level 6. HP: 20/52 MP: 8/8
  5273 | D:5      | Entered Level 5 of the Dungeon
  5354 | D:5      | Reached XP level 7. HP: 44/59 MP: 9/9
  5604 | D:5      | Found a basalt altar of Yredelemnul.
  6079 | D:5      | Found an ancient bone altar of Kikubaaqudgha.
  6461 | D:6      | Found a staircase to the Ecumenical Temple.
  6489 | D:6      | Reached *** piety under Lugonu
  6875 | D:6      | Found an iron altar of Okawaru.
  7521 | D:7      | Found a stormy altar of Qazlal.
  7525 | D:7      | Reached skill level 5 in Axes
  7564 | D:7      | Found a shadowy altar of Dithmenos.
  7602 | D:7      | Reached XP level 8. HP: 67/67 MP: 11/11
  7620 | D:7      | Found a radiant altar of Vehumet.
  7677 | D:7      | Found a burning altar of Makhleb.
  7971 | D:7      | Reached skill level 5 in Armour
  7997 | D:7      | Reached skill level 5 in Invocations
  8511 | D:8      | Noticed a two-headed ogre
  8591 | D:8      | Killed a two-headed ogre
  8591 | D:8      | Reached skill level 1 in Throwing
  8591 | D:8      | Reached XP level 9. HP: 39/73 MP: 11/13
  8915 | D:8      | Found Lych's Book Shoppe.
  9230 | D:8      | Reached skill level 5 in Fighting
  9349 | D:8      | Got a steaming halberd
  9838 | D:9      | Identified the cursed +2 halberd of Jutaddek {freeze, rF++
                  | rC- Str-3 Int+5} (You found it on level 8 of the Dungeon)
  9904 | D:9      | Noticed Grum
  9917 | D:9      | Killed Grum
 10122 | D:9      | Reached **** piety under Lugonu
 10417 | D:9      | Reached XP level 10. HP: 9/81 MP: 14/14
 10956 | D:10     | Entered Level 10 of the Dungeon
 11363 | D:10     | Found a flagged portal.
 11370 | Bailey   | Entered a bailey
 11777 | Bailey   | Noticed an orc knight
 11788 | Bailey   | Slain by an orc warrior

Skill      XL: |  1  2  3  4  5  6  7  8  9 10 |
---------------+-------------------------------+-----
Armour         | 2 3 4 6 7 |  7.2
Axes           | 2 3 5 6 7 |  7.8
Dodging        | 1 2 3 |  3.3
Invocations    | 3 4 5 6 |  6.9
Fighting       | 4 5 |  5.6
Throwing       | 1 2 |  2.5

Action                   |  1- 3 |  4- 6 |  7- 9 | 10-12 || total
-------------------------+-------+-------+-------+-------++-------
Melee: Hand axe          |    99 |   105 |   303 |    91 ||   598
       Kick              |    29 |    27 |   116 |    40 ||   212
Throw: Javelin           |       |       |    19 |     2 ||    21
Invok: Depart the Abyss  |     1 |       |       |       ||     1
       Bend Space        |       |       |     1 |     2 ||     3
  Use: Scroll            |     7 |     3 |    10 |     2 ||    22
       Potion            |     1 |       |       |     1 ||     2
  Eat: Chunk             |     2 |     6 |     9 |     5 ||    22
       Ration            |     1 |       |     1 |       ||     2
Armor: Scale mail        |    71 |    93 |   165 |    57 ||   386
       Leather armour    |     4 |       |       |       ||     4
Dodge: Dodged            |    41 |    53 |   222 |    74 ||   390
